 Dungeon Crawl Stone Soup version 0.29-a0-819-g94b489e0ae (webtiles) character file.

Game seed: 5129915083659731015

465 Ayihk420 the Magician (level 6, 0/41 HPs)
             Began as a Mummy Necromancer on July 6, 2022.
             Was an Initiate of Kikubaaqudgha.
             Engulfed by a steam dragon's steam (19 damage)
             ... on level 6 of the Dungeon.
             The game lasted 00:21:25 (6016 turns).

Ayihk420 the Magician (Mummy Necromancer)           Turns: 6016, Time: 00:21:26

Health: 0/41       AC:  8    Str: 12    XL:     6   Next: 80%
Magic:  14/15      EV: 12    Int: 22    God:    Kikubaaqudgha [......]
Gold:   309        SH:  0    Dex: 12    Spells: 9/18 levels left

rFire   x . .      SeeInvis .   h - +0 dagger
rCold   + . .      Faith    .   (no shield)
rNeg    + + +      Spirit   .   a - +0 robe
rPois   ∞          Reflect  .   d - +2 helmet
rElec   .          Harm     .   (no cloak)
rCorr   .          Rampage  .   g - +0 pair of gloves
Will    .....                   b - +1 pair of boots
Stlth   ++........              (no amulet)
HPRegen 0.13/turn               q - ring of flight
MPRegen 0.14/turn               l - +6 ring of intelligence

@: flying
A: cold resistance 1, negative energy resistance 3, torment resistance 2, heat
vulnerability 1, in touch with death 1, no potions
a: Renounce Religion


You were on level 6 of the Dungeon.
You worshipped Kikubaaqudgha.
Kikubaaqudgha was noncommittal.
You visited 2 branches of the dungeon, and saw 7 of its levels.
You also visited: Ossuary.

You collected 309 gold pieces.

Inventory:

Hand Weapons
 h - a +0 dagger (weapon)
Missiles
 o - 2 poisoned darts
Armour
 a - a +0 robe (worn)
 b - a +1 pair of boots (worn)
 d - a +2 helmet (worn)
 g - a +0 pair of gloves (worn)
Magical Staves
 p - a staff of poison
Jewellery
 e - a ring of ice
 l - a +6 ring of intelligence (right hand)
 q - a ring of flight (left hand)
 r - a +4 ring of slaying
Scrolls
 c - 2 scrolls of poison
 i - a scroll of immolation
 j - 2 scrolls of blinking
 k - 3 scrolls of identify
 m - a scroll of fog


   Skills:
 - Level 1.5 Dodging
 - Level 1.5 Stealth
 + Level 6.6 Spellcasting
 + Level 6.4 Necromancy


You had 9 spell levels left.
You knew the following spells:

 Your Spells              Type           Power      Damage    Failure   Level
a - Necrotise             Necr           100%       1d9       1%          1
b - Vampiric Draining     Necr           52%        2d9       1%          3
c - Animate Dead          Necr           52%        N/A       6%          4
d - Foxfire               Conj/Fire      28%        2x1d5     9%          1

Your spell library contained the following spells:

 Spells                   Type           Power      Damage    Failure   Level
 Blink                    Tloc           14%        N/A       13%         2
 Agony                    Necr           52%        N/A       17%         5
 Conjure Flame            Conj/Fire      7%         6-21      26%         3
 Gell's Gravitas          Tloc           7%         N/A       26%         3
 Inner Flame              Hex/Fire       7%         N/A       26%         3
 Lesser Beckoning         Tloc           7%         N/A       26%         3
 Teleport Other           Tloc           7%         N/A       26%         3
 Flame Wave               Conj/Fire      7%         2d5       65%         4
 Manifold Assault         Tloc           7%         N/A       94%         5


Dungeon Overview and Level Annotations

Branches:
Dungeon (6/15)             Temple (1/1) D:5         Ossuary (visited)

Altars:
Ashenzari
Cheibriados
Fedhas
Gozag
Kikubaaqudgha
Makhleb
Okawaru
Qazlal
Sif Muna
Vehumet
Wu Jian
Xom

Shops:
D:5 *


Innate Abilities, Weirdness & Mutations

You are immune to poison.
Your flesh is cold resistant. (rC+)
You are immune to negative energy. (rN+++)
You are immune to unholy pain and torment.
You are vulnerable to heat. (rF-)
You are in touch with the powers of death.
You do not drink.


Message History

It was a scroll of poison.
You start waiting.
Done waiting.
As you read the scroll labelled JOENUFF ICRA, it crumbles to dust.
You feel strangely unstable.
It was a scroll of teleportation.
As you read the scroll of teleportation, it crumbles to dust.
You feel strangely stable.
Blink to where?
Press: ? - help, Dir - move target
As you read the scroll labelled WAGGOCS ATOIKH, it crumbles to dust.
It was a scroll of blinking.
As you read the scroll labelled YNURIC FASAAX, it crumbles to dust.
It is a scroll of identify.
m - a scroll of fog
Okay, then.
Unknown command.
Save game and exit?
Okay, then.
There is an open door here.
Found a glowing helmet.
You now have 296 gold pieces (gained 8).
You see here a +2 helmet.
d - a +2 helmet
Okay, then.
You start removing your armour.
You continue taking off your +2 hat. x4
You finish taking off your +2 hat.
You start putting on your armour.
You continue putting on your +2 helmet. x5
You finish putting on your +2 helmet.
You drop a +2 hat.
You now have 309 gold pieces (gained 13).
A steam dragon comes into view.
You feel a surge of power!
The steam dragon hisses angrily.
The steam dragon writhes in agony!
The steam dragon breathes steam at you. The ball of steam hits you!!
The steam scalds you terribly!
Ouch! That really hurt!
You are engulfed in a cloud of scalding steam.
You die...
Kikubaaqudgha rasps: "You have failed me!
Welcome... oblivion!"

#......... .......
#........ .......
#.......# .......
#.......# .......
#.......#
.....####.......##
...............#
#§###.........####.#
#.§@...[...........#
......§#§#.###.....######
......§#.#.#.............
.#.....#.#.#.#.####......
.......#.###+### #......
##.###D### #...... #. ..
#...... # ## ####### #


There were no monsters in sight!

Vanquished Creatures
  An ogre (D:4)
  2 scorpions (D:5)
  A howler monkey (D:4)
  2 iguanas (D:5)
  An orc wizard (D:5)
  5 adders
  2 white imps (D:5)
  2 worms
  3 dart slugs
  8 orcs
  4 endoplasms
  4 giant cockroaches
  6 goblins
  3 hobgoblins
  3 jackals (D:2)
  11 kobolds
  A quokka (D:2)
  5 ball pythons
  5 bats
  2 frilled lizards
  4 rats
75 creatures vanquished.

Vanquished Creatures (collateral kills)
  2 endoplasms (D:1)
2 creatures vanquished.

Vanquished Creatures (others)
  An orc (D:5)
  8 foxfires (D:5)
9 creatures vanquished.

Grand Total: 86 creatures vanquished

Notes
Turn   | Place    | Note
-------+----------+-------------------------------------------
     0 | D:1      | Ayihk420 the Mummy Necromancer began the quest for the Orb.
     0 | D:1      | Reached XP level 1. HP: 13/13 MP: 4/4
   219 | D:1      | Reached XP level 2. HP: 19/19 MP: 1/6
  1029 | D:2      | Found a faded altar of an unknown god.
  1082 | D:2      | Gained mutation: You are in touch with the powers of death.
                  | [Mummy growth]
  1082 | D:2      | Reached XP level 3. HP: 23/24 MP: 5/8
  1467 | D:2      | Reached XP level 4. HP: 28/30 MP: 6/10
  1543 | D:2      | Found an opulent altar of Gozag.
  2078 | D:3      | Reached skill level 5 in Necromancy
  2963 | D:3      | Learned a level 3 spell: Vampiric Draining
  2968 | D:3      | Learned a level 4 spell: Animate Dead
  3023 | D:4      | Noticed an ogre
  3032 | D:4      | Killed an ogre
  3033 | D:4      | Reached skill level 5 in Spellcasting
  3033 | D:4      | Reached XP level 5. HP: 35/35 MP: 3/12
  3845 | D:5      | Entered Level 5 of the Dungeon
  3854 | D:5      | Reached XP level 6. HP: 41/41 MP: 10/14
  3939 | D:5      | Found Lijystryo's Assorted Antiques.
  3943 | D:5      | Found a staircase to the Ecumenical Temple.
  4067 | D:5      | Found a burning altar of Makhleb.
  4460 | D:5      | Found a sand-covered staircase.
  4464 | Ossuary  | Entered an ossuary
  4464 | Ossuary  | Noticed a wraith
  4464 | Ossuary  | Noticed a wraith
  4464 | Ossuary  | Noticed a wraith
  5027 | D:5      | Noticed a cacodemon
  5030 | D:5      | Noticed an orange demon
  5030 | D:5      | Noticed a smoke demon
  5196 | Temple   | Entered the Ecumenical Temple
  5372 | Temple   | Became a worshipper of Kikubaaqudgha
  5588 | D:5      | Learned a level 1 spell: Foxfire
  6014 | D:6      | Noticed a steam dragon
  6016 | D:6      | Engulfed by a steam dragon's steam

Illustrated notes

Levels and vault maps discovered:
D:1:      minmay_arrival_jagged, layout_rooms
D:2:      layout_basic, basic_altar, hellmonk_ecumenical_altar_blasted,
          minivault_24
D:3:      layout_basic
D:4:      layout_basic
D:5:      layout_loops_ring, makhleb_altar_promises_db,
          minmay_temple_entry_statues_pillars, enter_ossuary_5, serial_shops,
          kennysheep_mini, kennysheep_generic_room_5
D:6:      layout_basic, grunt_temple_overflow_opulence,
          mainiacjoe_overflow_alcove_1, uniq_menkaure
Temple:   compressed_dpeg_triangle_lava_temple

Skill      XL: |  1  2  3  4  5  6 |
---------------+-------------------+-----
Spellcasting   | 3 4 5 6 |  6.6
Necromancy     | 5 6 |  6.4
Dodging        | |  1.5
Stealth        | |  1.5

Action                   |  1- 3 |  4- 6 || total
-------------------------+-------+-------++-------
Melee: Dagger            |     6 |    36 ||    42
       Unarmed           |     2 |       ||     2
Throw: Dart              |       |     4 ||     4
 Cast: Necrotise         |    70 |    95 ||   165
       Foxfire           |       |     6 ||     6
       Vampiric Draining |       |     1 ||     1
  Use: Scroll            |       |     6 ||     6
Armor: Robe              |     7 |    14 ||    21
Dodge: Dodged            |    19 |    41 ||    60

Table legend: (Time is in decaauts)
 A = Elapsed time spent in this place.
 B = Non-inter-level travel time spent in this place.
 C = Inter-level travel time spent in this place.
 D = Time resting spent in this place.
 E = Time spent auto-exploring this place.
 F = Levels seen in this place.
 G = Mean time per level.
                   A        B        C        D        E       F      G
               +--------+--------+--------+--------+--------+-----+--------+
         Total |   6013 |   5928 |     85 |    961 |   3385 |   8 |  751.6 |
       Dungeon |   5704 |   5619 |     85 |    920 |   3244 |   6 |  950.7 |
        Temple |    213 |    213 |      0 |      0 |    141 |   1 |  213.0 |
       Ossuary |     95 |     95 |      0 |     41 |      0 |   1 |   95.0 |
               +--------+--------+--------+--------+--------+-----+--------+

Top non-repeatable levels by time:
     D:5: 1596 daAuts
     D:2: 1090 daAuts
     D:1: 972 daAuts
     D:3: 957 daAuts
     D:4: 821 daAuts
     D:6: 264 daAuts
  Temple: 213 daAuts
 Ossuary: 95 daAuts
